 Dungeon Crawl Stone Soup version 0.29-a0-330-g52719c12eb (webtiles) character file.

Game seed: 13440309319497944034

335 jmlagarto the Firebug (level 6, -2/49 HPs)
             Began as a Hill Orc Fire Elementalist on Apr 12, 2022.
             Was a Believer of Kikubaaqudgha.
             Killed by divine providence
             ... invoked by an orc priest
              (12 damage)
             ... on level 4 of the Dungeon.
             The game lasted 00:10:06 (4345 turns).

jmlagarto the Firebug (Hill Orc Fire Elementalist)  Turns: 4345, Time: 00:10:08

Health: -2/49      AC: 25    Str: 11    XL:     6   Next: 53%
Magic:  9/9        EV:  6    Int: 17    God:    Kikubaaqudgha [**....]
Gold:   213        SH:  0    Dex: 11    Spells: 7/9 levels left

rFire   . . .      SeeInvis .   f - +7 staff of the Meek {protect, meekguard}
rCold   . . .      Faith    .   (shield currently unavailable)
rNeg    . . .      Spirit   .   z - +0 plate armour
rPois   .          Reflect  .   (no helmet)
rElec   .          Harm     .   (no cloak)
rCorr   .          Rampage  .   o - +0 pair of gloves
Will    +....                   (no boots)
Stlth   ..........              (no amulet)
HPRegen 0.16/turn               i - +4 ring of evasion
MPRegen 0.11/turn               p - ring of willpower

@: under a protective aura
A: no striking features
a: Renounce Religion, Convert to Beogh, Receive Corpses


You were on level 4 of the Dungeon.
You worshipped Kikubaaqudgha.
Kikubaaqudgha was pleased with you.
You visited 1 branch of the dungeon, and saw 4 of its levels.

You collected 213 gold pieces.

Inventory:

Hand Weapons
 e - a +1 dagger of venom
 f - the +7 staff of the Meek (weapon) {protect, meekguard}
   (You found it on level 3 of the Dungeon)

   It grants its wielder temporary protection when it strikes (+7 to AC).
   It provides extra protection to wielders with little health.
Missiles
 c - 3 poisoned darts
 d - 4 silver javelins
Armour
 a - a +0 robe
 o - a +0 pair of gloves (worn)
 z - a +0 plate armour (worn)
Magical Staves
 j - a staff of conjuration
Jewellery
 i - a +4 ring of evasion (left hand)
 p - a ring of willpower (right hand)
Scrolls
 k - a scroll of summoning {unknown}
 l - a scroll of fog {unknown}
 n - a scroll of blinking {unknown}
 q - a scroll of teleportation {unknown}
 t - a scroll of amnesia {unknown}
 u - 2 scrolls of immolation {unknown}
 v - a scroll of silence {unknown}
 w - a scroll of vulnerability {unknown}
 y - a scroll of enchant weapon {unknown}
Potions
 b - 2 potions of magic
 g - a potion of cancellation
 h - a potion of brilliance {unknown}
 m - a potion of mutation {unknown}
 r - a potion of curing {unknown}
 s - a potion of degeneration {unknown}
 x - a potion of heal wounds {unknown}
 A - a potion of lignification {unknown}


   Skills:
 + Level 2.3 Fighting
 + Level 1.6 Staves
 + Level 1.2 Armour
 + Level 2.5 Dodging
 - Level 1.9 Stealth
 + Level 2.4 Spellcasting
 + Level 2.5 Conjurations
 - Level 0.9 Necromancy
 + Level 4.2 Fire Magic


You had 7 spell levels left.
You knew the following spells:

 Your Spells              Type           Power      Damage    Failure   Level
a - Foxfire               Conj/Fire      52%        2x1d6     100%        1
b - Animate Skeleton      Necr           10%        N/A       100%        1

Your spell library contained the following spells:

 Spells                   Type           Power      Damage    Failure   Level
 Pain                     Necr           20%        1d5       100%        1
 Scorch                   Fire           32%        2d7       100%        2
 Sublimation of Blood     Necr           5%         N/A       100%        2
 Conjure Flame            Conj/Fire      13%        6-21      100%        3
 Inner Flame              Hex/Fire       9%         N/A       100%        3
 Flame Wave               Conj/Fire      13%        2d6       100%        4
 Agony                    Necr           5%         N/A       100%        5
 Excruciating Wounds      Necr           2%         N/A       100%        5


Dungeon Overview and Level Annotations

Branches:
Dungeon (4/15)
 Temple: D:4-7

Altars:
Kikubaaqudgha
Ru
Beogh


Message History

The iguana bites you! The orc hits you but does no damage.
The orc priest shouts, "Join the one true god or die!"
The orc priest hits you but does no damage.
The iguana attacks as you move away!
The iguana bites you but does no damage.
The orc priest mumbles some strange prayers to Beogh against you.
Pain shoots through your body!
The orc priest attacks as you move away!
The orc priest hits you but does no damage.
The orc priest attacks as you move away!
The orc priest hits you but does no damage.
Things that are here:
a +0 club; a +0 hunting sling
Found a book of Rime.
Found a scroll labelled ETTOOD URPHO.
Found 4 gold pieces and a hand axe.
An adder comes into view.
You see here a book of Rime.
The adder barely misses you.
You closely miss the adder. The adder closely misses you.
You hit the adder.
Your weapon exudes an aura of protection.
The adder is moderately wounded.
The adder bites you but does no damage. The adder barely misses you.
You barely miss the adder.
The adder is moderately wounded.
The adder barely misses you. x2
You hit the adder.
The adder is severely wounded.
The orc priest mumbles some strange prayers to Beogh against you.
Beogh smites you!
* * * LOW HITPOINT WARNING * * *
The adder closely misses you.
You closely miss the adder.
The adder is severely wounded.
The adder bites you but does no damage.
The orc priest calls down the wrath of Beogh upon you.
Beogh smites you!
You die...
Kikubaaqudgha rasps: "You have failed me!
Welcome... death!"

## ######## .
#......# #.#@#
####.#S#### #
#.....oo..# #
#.#.##.#:##.#.##
#.#.##..l.......
....$?.......##
##.###.o...##..
#.......##....
#...#.##...##.


You could see an iguana, an orc priest, an adder and 2 orcs.

Vanquished Creatures
  Sigmund (D:4)
  2 orc priests (D:3)
  4 adders
  A worm (D:4)
  3 dart slugs
  3 orcs (D:3)
  5 ball pythons
  6 endoplasms
  7 goblins
  2 hobgoblins
  7 jackals (D:1)
  7 kobolds
  4 quokkas
  7 bats
  3 frilled lizards
  4 rats
66 creatures vanquished.

Vanquished Creatures (others)
  125 foxfires
125 creatures vanquished.

Grand Total: 191 creatures vanquished

Notes
Turn   | Place    | Note
-------+----------+-------------------------------------------
     0 | D:1      | jmlagarto the Hill Orc Fire Elementalist began the quest
                  | for the Orb.
     0 | D:1      | Reached XP level 1. HP: 14/14 MP: 3/3
    58 | D:1      | Found a faded altar of an unknown god.
    61 | D:1      | Prayed at the altar of an unknown god.
    61 | D:1      | Became a worshipper of Kikubaaqudgha
    61 | D:1      | Reached * piety under Kikubaaqudgha
    61 | D:1      | Received a gift from Kikubaaqudgha
   234 | D:1      | Reached XP level 2. HP: 20/20 MP: 4/4
   626 | D:1      | Reached XP level 3. HP: 26/26 MP: 2/5
  1664 | D:2      | Reached ** piety under Kikubaaqudgha
  1858 | D:2      | Reached XP level 4. HP: 28/34 MP: 5/7
  2287 | D:3      | Reached skill level 1 in Fighting
  2662 | D:3      | Reached XP level 5. HP: 40/40 MP: 5/8
  2664 | D:3      | Learned a level 1 spell: Animate Skeleton
  2918 | D:3      | Found a roughly hewn altar of Beogh.
  2918 | D:3      | Found the +7 staff of the Meek {protect, meekguard}
  2936 | D:3      | Reached skill level 1 in Staves
  2940 | D:3      | HP: 2/40 [orc priest/+0 short sword (3)]
  3440 | D:3      | Found a sacrificial altar of Ru.
  3748 | D:4      | Reached skill level 4 in Fire Magic
  3914 | D:4      | Noticed Sigmund
  3935 | D:4      | Killed Sigmund
  3936 | D:4      | Reached skill level 1 in Armour
  3936 | D:4      | Reached XP level 6. HP: 17/48 MP: 7/9
  4345 | D:4      | Killed from afar by an orc priest

Illustrated notes

Levels and vault maps discovered:
D:1:      lightli_arrival_windingriver, layout_loops_ring,
          basic_ecumenical_altar, st_stairs_10
D:2:      layout_loops_ring
D:3:      layout_loops_ring, nicolae_ru_the_path_less_chosen,
          roderic_cross_of_infinity, pf_guarded_unrand_meek
D:4:      layout_loops_cross, dk_vineyard_1, hangedman_decor_peaks_small,
          kennysheep_boxes, uniq_sigmund

Skill      XL: |  1  2  3  4  5 |
---------------+----------------+-----
Dodging        | 2 |  2.5
Spellcasting   | 2 |  2.4
Fighting       | 1 2 |  2.3
Conjurations   | 2 |  2.5
Staves         | 1 |  1.6
Fire Magic     | 4 |  4.2
Armour         | 1 |  1.2
Stealth        | |  1.9
Necromancy     | |  0.9

Action                   |  1- 3 |  4- 6 || total
-------------------------+-------+-------++-------
Melee: Unarmed           |     2 |       ||     2
       Dagger            |    17 |       ||    17
       Staff             |    10 |    29 ||    39
       Quarterstaff      |       |    48 ||    48
Throw: Dart              |       |     6 ||     6
       Javelin           |       |     4 ||     4
 Cast: Foxfire           |    57 |    28 ||    85
  Use: Potion            |       |     2 ||     2
 Stab: Sleeping          |     3 |     2 ||     5
Armor: Robe              |    13 |    10 ||    23
       Plate armour      |       |    28 ||    28
Dodge: Dodged            |    47 |    56 ||   103

Table legend: (Time is in decaauts)
 A = Elapsed time spent in this place.
 B = Non-inter-level travel time spent in this place.
 C = Inter-level travel time spent in this place.
 D = Time resting spent in this place.
 E = Time spent auto-exploring this place.
 F = Levels seen in this place.
 G = Mean time per level.
                   A        B        C        D        E       F      G
               +--------+--------+--------+--------+--------+-----+--------+
         Total |   4363 |   4251 |    112 |      0 |   3588 |   4 | 1090.8 |
       Dungeon |   4363 |   4251 |    112 |      0 |   3588 |   4 | 1090.8 |
               +--------+--------+--------+--------+--------+-----+--------+

Top non-repeatable levels by time:
     D:2: 1264 daAuts
     D:3: 1258 daAuts
     D:1: 1227 daAuts
     D:4: 613 daAuts
